 Dungeon Crawl Stone Soup version 0.30-a0-948-g4fa250aae5 (webtiles) character file.

Game seed: 508042814333363903

66 scionoferis the Magician (level 3, -4/24 HPs)
             Began as a Mummy Earth Elementalist on Mar 26, 2023.
             Killed by divine providence
             ... invoked by an orc priest
              (10 damage)
             ... on level 3 of the Dungeon.
             The game lasted 00:06:25 (2309 turns).

scionoferis the Magician (Mummy Earth Elementalist) Turns: 2309, Time: 00:06:26

Health: -4/24      AC:  2    Str: 11    XL:     3   Next: 96%
Magic:  6/8        EV: 12    Int: 16    God:
Gold:   80         SH:  0    Dex: 12    Spells: 5/9 levels left

rFire   x . .      SeeInvis .    a - +0 short sword
rCold   + . .      Faith    +    (no shield)
rNeg    + + +      Spirit   .    e - +0 robe
rPois   ∞          Reflect  .    (no helmet)
rElec   .          Rampage  .    (no cloak)
rCorr   .                        (no gloves)
Will    .....                    (no boots)
Stlth   ++                       (no amulet)
HPRegen 0.24/turn                c - ring of wizardry
MPRegen 0.11/turn                (no ring)

@: no status effects
A: cold resistance 1, negative energy resistance 3, torment resistance 2, heat
vulnerability 1, in touch with death 1, no potions, faith
a: no special abilities


You were on level 3 of the Dungeon.
You visited 1 branch of the dungeon, and saw 3 of its levels.

You collected 80 gold pieces.


Innate Abilities, Weirdness & Mutations

You are immune to poison.
Your flesh is cold resistant. (rC+)
You are immune to negative energy. (rN+++)
You are immune to unholy pain and torment.
You are vulnerable to heat. (rF-)
You are in touch with the powers of death.
You do not drink.
You have a special connection with the divine. (Faith)


   Skills:
 - Level 1.5 Dodging
 - Level 1.5 Stealth
 + Level 3.5 Spellcasting
 * Level 0.8 Conjurations
 - Level 0.7 Transmutations
 * Level 3.4 Earth Magic


You had 5 spell levels left.
You knew the following spells:

 Your Spells              Type           Power      Damage    Failure   Level
a - Sandblast             Erth           26%        2d8       1%          1
b - Stone Arrow           Conj/Erth      18%        3d8       9%          3

Your spell library contained the following spells:

 Spells                   Type           Power      Damage    Failure   Level
 Passwall                 Tmut/Erth      7%         N/A       4%          2
 Kiss of Death            Conj/Necr      24%        2d7       6%          1
 Ensorcelled Hibernation  Hex/Ice        4%         N/A       11%         2
 Confusing Touch          Hex            2%         N/A       21%         3
 Swiftness                Air            2%         N/A       21%         3
 Petrify                  Tmut/Erth      9%         N/A       28%         4
 Animate Armour           Summ/Erth      16%        N/A       32%         4
 Anguish                  Hex/Necr       2%         N/A       54%         4
 Dispel Undead            Necr           4%         3d7       54%         4
 Lehudib's Crystal Spear  Conj/Erth      4%         10d3      100%        8
 Spider Form              Tmut/Pois      Unusable   N/A       N/A         3

Inventory:

Hand Weapons
 a - a +0 short sword (weapon)
   (You took it off a kobold on level 1 of the Dungeon)
 b - a +0 sling
   (You found it on level 2 of the Dungeon)
 d - a +0 dagger
   (You took it off a kobold on level 1 of the Dungeon)
Missiles
 l - 6 poisoned darts
Armour
 e - a +0 robe (worn)
Magical Staves
 k - a staff of poison
   (You found it on level 2 of the Dungeon)
Jewellery
 c - a ring of wizardry (left hand)
   (You found it on level 1 of the Dungeon)
Scrolls
 f - a scroll of enchant armour {unknown}
 g - 2 scrolls of torment {unknown}
 h - 2 scrolls of identify {unknown}
 i - a scroll of teleportation {unknown}
 j - a scroll of amnesia {unknown}

Dungeon Overview and Level Annotations

Branches:
Dungeon (3/15)

Altars:

##.#.# #.# #.# ##.#.# #.#
#.# ##)#.# #.# #..
##.#.###.######.#
##.#.........[..#
##.#####.######.# ##.#
#.# #.#########
##.#####.######..........
##.#>...........@.#####
##.......########.#
####.##### #.# # #.# #.#
#.# #o# #.# #K# #.# #o#
#.# #o# #.# #†#


You could see an orc priest, an orc wizard, an orc and a kobold.


Message History

Welcome, scionoferis the Mummy Earth Elementalist.
The Orb of Zot is coveted for many reasons.
Will you seize it for your own?
Press ? for a list of commands and other information.
Found a staircase leading out of the dungeon.
Found a stone staircase leading down.
A bat comes into view.
Found 4 gold pieces.
Found a book of Armaments.
There is a stone staircase leading down here.
Found 9 stones.
Aiming: Sandblast (safe; 9% risk of failure)
Press: ? - help, Q - select action Shift-Dir - straight line, f - bat
Aim: a bat (asleep, 100% to hit)
You miscast Sandblast.
You are very lightly contaminated with residual magic.
Nothing appears to happen.
The bat barely misses you.
Aiming: Sandblast (safe; 9% risk of failure)
Press: ? - help, Q - select action Shift-Dir - straight line, f/p - bat
Aim: a bat (71% to hit)
The blast of sand hits the bat.
You kill the bat!
Your magical contamination has completely faded away.
Magic restored.
A bat comes into view.
Aiming: Sandblast (safe; 9% risk of failure)
Press: ? - help, Q - select action Shift-Dir - straight line, f - bat
Aim: a bat (71% to hit)
You miscast Sandblast.
You are very lightly contaminated with residual magic.
Nothing appears to happen.
The bat hits you but does no damage.
Aiming: Sandblast (safe; 9% risk of failure)
Press: ? - help, Q - select action Shift-Dir - straight line, f/p - bat
Aim: a bat (71% to hit)
You miscast Sandblast.
Nothing appears to happen.
The bat completely misses you.
Unknown command.
Aiming: Sandblast (safe; 9% risk of failure)
Press: ? - help, Q - select action Shift-Dir - straight line, f/p - bat
Aim: a bat (71% to hit)
The blast of sand misses the bat.
The bat misses you. The bat barely misses you. x2
Aiming: Sandblast (safe; 9% risk of failure)
Press: ? - help, Q - select action Shift-Dir - straight line, f/p - bat
Aim: a bat (71% to hit)
The blast of sand hits the bat!
You kill the bat!
Unknown command.
You start resting.
Your magical contamination has completely faded away.
You start resting.
Magic restored.
Found a stone staircase leading down.
A kobold comes into view. It is wielding a +0 dagger.
The kobold shouts!
The kobold throws a stone.
The stone hits you.
You see here a book of Armaments.
You pick up a book of Armaments and begin reading...
You add the spells Animate Armour and Lehudib's Crystal Spear to your library.
The kobold throws a stone.
The stone hits you.
You start resting.
A kobold is nearby!
Aiming: Sandblast (safe; 8% risk of failure)
Press: ? - help, Q - select action Shift-Dir - straight line, f - kobold
Aim: a kobold, wielding a +0 dagger and quivering stones (76% to hit)
The blast of sand hits the kobold.
The kobold is severely wounded.
The kobold barely misses you.
Unknown command.
Aiming: Sandblast (safe; 8% risk of failure)
Press: ? - help, Q - select action Shift-Dir - straight line, f/p - kobold
Aim: a kobold, wielding a +0 dagger and quivering stones (severely wounded, 76% to hit)
The blast of sand hits the kobold!
You kill the kobold!
Things that are here:
a +0 dagger; 5 stones; a kobold corpse
b - a +0 dagger
b - a +0 dagger (weapon)
You start resting.
HP restored.
You start resting.
Magic restored.
Found a chain mail.
You now have 4 gold pieces.
c - a ring of wizardry
c - a ring of wizardry (left hand)
There is a stone staircase leading down here.
A ball python comes into view.
The ball python hisses angrily.
Aiming: Sandblast (safe; 3% risk of failure)
Press: ? - help, Q - select action Shift-Dir - straight line, f - ball python
Aim: a ball python (78% to hit)
The blast of sand hits the ball python.
You kill the ball python!
Unknown command.
A goblin and an endoplasm come into view.
A bat comes into view.
Aiming: Sandblast (safe; 3% risk of failure)
Press: ? - help, Q - select action Shift-Dir - straight line, f - bat
Aim: a bat (71% to hit)
The blast of sand misses the bat.
The bat completely misses you.
Unknown command.
Aiming: Sandblast (safe; 3% risk of failure)
Press: ? - help, Q - select action Shift-Dir - straight line, f/p - bat
Aim: a bat (71% to hit)
The blast of sand hits the bat.
You kill the bat!
Unknown command.
Aiming: Sandblast (safe; 3% risk of failure)
Press: ? - help, Q - select action Shift-Dir - straight line, f - you
Okay, then.
You start resting.
Magic restored.
The helpless goblin fails to defend itself.
You hit the goblin.
You kill the goblin!
Found a faded altar of an unknown god.
The helpless endoplasm fails to defend itself.
You puncture the endoplasm!
You kill the endoplasm!
Your Spellcasting skill increases to level 3!
A hobgoblin and a rat come into view.
Aiming: Sandblast (safe; 2% risk of failure)
Press: ? - help, Q - select action Shift-Dir - straight line, f - hobgoblin
Aim: a hobgoblin (81% to hit)
Okay, then.
Aiming: Sandblast (safe; 2% risk of failure)
Press: ? - help, Q - select action Shift-Dir - straight line, f - hobgoblin
Aim: a hobgoblin (81% to hit)
The blast of sand hits the hobgoblin!
You kill the hobgoblin!
You have reached level 2!
Okay, then.
You start resting.
Magic restored.
Aiming: Sandblast (safe; 2% risk of failure)
Press: ? - help, Q - select action Shift-Dir - straight line, f - rat
Aim: a rat (81% to hit)
The blast of sand hits the rat.
The rat is heavily wounded.
The rat misses you.
Aiming: Sandblast (safe; 2% risk of failure)
Press: ? - help, Q - select action Shift-Dir - straight line, f/p - rat
Aim: a rat (heavily wounded, 81% to hit)
The blast of sand hits the rat.
You kill the rat!
Unknown command.
d - a scroll labelled RAOZXU GAMOO A kobold comes into view.
It is wielding a +0 short sword.
The kobold closely misses you.
You closely miss the kobold. The kobold completely misses you.
Aiming: Sandblast (safe; 2% risk of failure)
Press: ? - help, Q - select action Shift-Dir - straight line, f - kobold
Aim: a kobold, wielding a +0 short sword (77% to hit)
The blast of sand hits the kobold but does no damage.
The kobold hits you but does no damage.
The kobold hits you with a +0 short sword.
Aiming: Sandblast (safe; 2% risk of failure)
Press: ? - help, Q - select action Shift-Dir - straight line, f/p - kobold
Aim: a kobold, wielding a +0 short sword (77% to hit)
The blast of sand hits the kobold.
You kill the kobold!
Unknown command.
HP restored. 2 rats come into view.
Found a scroll labelled NEPESO CANO.
Things that are here:
a +0 short sword; a kobold corpse
e - a +0 short sword
e - a +0 short sword (weapon)
Aiming: Sandblast (safe; 2% risk of failure)
Press: ? - help, Q - select action Shift-Dir - straight line, f - rat
Aim: a rat (82% to hit)
The blast of sand hits the rat.
The rat is moderately wounded.
Unknown command.
Aiming: Sandblast (safe; 2% risk of failure)
Press: ? - help, Q - select action Shift-Dir - straight line, f/p - rat
Aim: a rat (moderately wounded, 82% to hit)
The blast of sand hits the rat.
You kill the rat!
Unknown command.
Adjust to which letter? (? for menu, Esc to quit)
d - a +0 dagger;
b - a scroll labelled RAOZXU GAMOO Adjust to which letter? (? for menu, Esc to quit)
a - a +0 short sword (weapon);
e - a +0 robe (worn)
You start resting.
Magic restored.
A quokka comes into view.
Found a fizzy emerald potion.
The rat twitches its whiskers.
Aiming: Sandblast (safe; 2% risk of failure)
Press: ? - help, Q - select action Shift-Dir - straight line, f - rat
Aim: a rat (82% to hit)
The blast of sand hits the rat!
You kill the rat!
Unknown command.
You start resting.
Magic restored.
Found a book of Dreams.
You see here a rat corpse.
Unknown command.
Aiming: Sandblast (safe; 2% risk of failure)
Press: ? - help, Q - select action Shift-Dir - straight line, f - quokka
Aim: a quokka (asleep, 100% to hit)
The blast of sand hits the quokka.
You kill the quokka!
Unknown command.
f - a scroll labelled EPPIZY GYGO
g - a scroll labelled NEPESO CANO You see here a fizzy emerald potion.
A ball python comes into view.
The ball python hisses angrily.
Aiming: Sandblast (safe; 2% risk of failure)
Press: ? - help, Q - select action Shift-Dir - straight line, f - ball python
Aim: a ball python (80% to hit)
The blast of sand hits the ball python.
You kill the ball python!
Unknown command.
You pick up a book of Dreams and begin reading...
You add the spells Ensorcelled Hibernation and Anguish to your library.
Okay, then.
A bat comes into view.
Aiming: Sandblast (safe; 2% risk of failure)
Press: ? - help, Q - select action Shift-Dir - straight line, f - bat
Aim: a bat (asleep, 100% to hit)
The blast of sand hits the bat.
You kill the bat!
Unknown command.
A hobgoblin comes into view.
The hobgoblin shouts!
Aiming: Sandblast (safe; 2% risk of failure)
Press: ? - help, Q - select action Shift-Dir - straight line, f - hobgoblin
Aim: a hobgoblin (82% to hit)
The blast of sand hits the hobgoblin!
You kill the hobgoblin!
Your Earth Magic skill increases to level 3!
A goblin comes into view. It is wielding a +0 dagger.
Aiming: Sandblast (safe; 2% risk of failure)
Press: ? - help, Q - select action Shift-Dir - straight line, f - goblin
Aim: a goblin, wielding a +0 dagger (wandering, hasn't noticed you, 77% to hit)
The blast of sand hits the goblin!
You kill the goblin!
Unknown command.
You see here a +0 dagger.
A frilled lizard comes into view.
Aiming: Sandblast (safe; 2% risk of failure)
Press: ? - help, Q - select action Shift-Dir - straight line, f - frilled lizard
Aim: a frilled lizard (asleep, 100% to hit)
The blast of sand hits the frilled lizard.
You kill the frilled lizard!
Unknown command.
You see here a frilled lizard corpse.
A goblin comes into view. It is wielding a +0 dagger.
Aiming: Sandblast (safe; 2% risk of failure)
Press: ? - help, Q - select action Shift-Dir - straight line, f - you
Okay, then.
Aiming: Sandblast (safe; 2% risk of failure)
Press: ? - help, Q - select action Shift-Dir - straight line, f - you That would be overly suicidal.
Okay, then.
Unknown command.
Unknown command.
Aiming: Sandblast (safe; 2% risk of failure)
Press: ? - help, Q - select action Shift-Dir - straight line, f - goblin
Aim: a goblin, wielding a +0 dagger (asleep, 100% to hit)
The blast of sand hits the goblin.
You kill the goblin!
Unknown command.
A hobgoblin comes into view.
Aiming: Sandblast (safe; 2% risk of failure)
Press: ? - help, Q - select action Shift-Dir - straight line, f - hobgoblin
Aim: a hobgoblin (asleep, 100% to hit)
The blast of sand hits the hobgoblin.
You kill the hobgoblin!
Unknown command.
Things that are here:
a +0 dagger; a goblin corpse A ball python comes into view.
Aiming: Sandblast (safe; 2% risk of failure)
Press: ? - help, Q - select action Shift-Dir - straight line, f - ball python
Aim: a ball python (asleep, 100% to hit)
The blast of sand hits the ball python!
You kill the ball python!
Unknown command.
A ball python comes into view.
Found a mace and 17 gold pieces.
Aiming: Sandblast (safe; 2% risk of failure)
Press: ? - help, Q - select action Shift-Dir - straight line, f - ball python
Aim: a ball python (asleep, 100% to hit)
The blast of sand hits the ball python.
You kill the ball python!
Unknown command.
You now have 9 gold pieces (gained 5).
h - a scroll labelled GAPNATENUM You see here a ball python corpse.
You now have 26 gold pieces (gained 17).
A bat comes into view.
Aiming: Sandblast (safe; 2% risk of failure)
Press: ? - help, Q - select action Shift-Dir - straight line, f - you
Okay, then.
Aiming: Sandblast (safe; 2% risk of failure)
Press: ? - help, Q - select action Shift-Dir - straight line, f - bat
Aim: a bat (asleep, 100% to hit)
The blast of sand hits the bat!
You kill the bat!
Unknown command.
You see here a bat corpse.
Found a stone staircase leading down.
A rat comes into view.
Aiming: Sandblast (safe; 2% risk of failure)
Press: ? - help, Q - select action Shift-Dir - straight line, f - rat
Aim: a rat (asleep, 100% to hit)
The blast of sand hits the rat but does no damage.
Unknown command.
Aiming: Sandblast (safe; 2% risk of failure)
Press: ? - help, Q - select action Shift-Dir - straight line, f/p - rat
Aim: a rat (82% to hit)
The blast of sand hits the rat.
You kill the rat!
Unknown command.
You see here a rat corpse.
Found a fizzy emerald potion.
You see here a rat corpse.
You see here a bat corpse.
A rat comes into view.
Aiming: Sandblast (safe; 2% risk of failure)
Press: ? - help, Q - select action Shift-Dir - straight line, f - rat
Aim: a rat (asleep, 100% to hit)
You miscast Sandblast.
You are very lightly contaminated with residual magic.
Nothing appears to happen.
Aiming: Sandblast (safe; 2% risk of failure)
Press: ? - help, Q - select action Shift-Dir - straight line, f/p - rat
Aim: a rat (82% to hit)
The blast of sand hits the rat!
You kill the rat!
Unknown command.
Your magical contamination has completely faded away.
You see here 5 stones.
Found a robe.
You see here a +0 robe.
You see here a +0 robe.
You see here a bat skeleton.
A kobold comes into view. It is wielding a +0 dagger.
Aiming: Sandblast (safe; 2% risk of failure)
Press: ? - help, Q - select action Shift-Dir - straight line, f - kobold
Aim: a kobold, wielding a +0 dagger and quivering stones (asleep, 100% to hit)
The blast of sand hits the kobold.
The kobold is heavily wounded.
The kobold shouts!
The kobold throws a stone.
The stone hits you.
The kobold throws a stone.
The stone closely misses you.
Aiming: Sandblast (safe; 2% risk of failure)
Press: ? - help, Q - select action Shift-Dir - straight line, f/p - kobold
Aim: a kobold, wielding a +0 dagger and quivering stones (heavily wounded, 77% to hit)
The blast of sand hits the kobold.
You kill the kobold!
Done exploring.
Done exploring.
Search for what [? for help]? d: Unknown command.
There is a stone staircase leading down here.
You climb downwards.
The hobgoblin shouts!
Found three items.
There is a stone staircase leading up here.
Aiming: Sandblast (safe; 2% risk of failure)
Press: ? - help, Q - select action Shift-Dir - straight line, f - hobgoblin
Aim: a hobgoblin (82% to hit)
The blast of sand misses the hobgoblin.
Unknown command.
Aiming: Sandblast (safe; 2% risk of failure)
Press: ? - help, Q - select action Shift-Dir - straight line, f/p - hobgoblin
Aim: a hobgoblin (82% to hit)
The blast of sand hits the hobgoblin.
You kill the hobgoblin!
You have reached level 3!
Your experience leads to an increase in your attributes!
Increase (S)trength, (I)ntelligence, or (D)exterity?
You feel clever. x2
You feel more in touch with the powers of death.
You climb upwards.
There is a stone staircase leading down here.
This spell is quite dangerous to cast!
Memorise Stone Arrow, consuming 3 spell levels and leaving 4?
You start memorising the spell.
You continue memorising. x3
You finish memorising.
Spell assigned to 'b'.
Unknown command.
You start resting.
Magic restored.
You climb downwards.
There is a stone staircase leading up here.
Found a stone staircase leading up.
Found a dark potion.
A kobold comes into view. It is wielding a +0 dagger.
Aiming: Sandblast (safe; 1% risk of failure)
Press: ? - help, Q - select action Shift-Dir - straight line, f - you
Okay, then.
Aiming: Sandblast (safe; 1% risk of failure)
Press: ? - help, Q - select action Shift-Dir - straight line, f - kobold
Aim: a kobold, wielding a +0 dagger (asleep, 100% to hit)
The blast of sand hits the kobold!
You kill the kobold!
Unknown command.
Magic restored.
A hobgoblin comes into view.
Found a book of Touch.
Okay, then.
No target in view!
The hobgoblin shouts!
Aiming: Sandblast (safe; 1% risk of failure)
Press: ? - help, Q - select action Shift-Dir - straight line, f - hobgoblin
Aim: a hobgoblin (82% to hit)
The blast of sand hits the hobgoblin.
You kill the hobgoblin!
Unknown command.
Things that are here:
a +0 dagger; a kobold corpse You see here a hobgoblin corpse.
You pick up a book of Touch and begin reading...
You add the spells Kiss of Death, Confusing Touch and Dispel Undead to your library.
Found a glowing barding.
Found a dagger.
Found a bubbling grey potion.
You see here a +0 dagger.
You see here a bubbling grey potion.
Found a robe.
You see here a +0 robe.
You now have 37 gold pieces (gained 11).
Found a blue potion.
You see here a blue potion.
A hobgoblin comes into view.
The hobgoblin shouts!
Aiming: Sandblast (safe; 1% risk of failure)
Press: ? - help, Q - select action Shift-Dir - straight line, f - hobgoblin
Aim: a hobgoblin (82% to hit)
The blast of sand hits the hobgoblin.
The hobgoblin is lightly wounded.
Unknown command.
Aiming: Sandblast (safe; 1% risk of failure)
Press: ? - help, Q - select action Shift-Dir - straight line, f/p - hobgoblin
Aim: a hobgoblin (lightly wounded, 82% to hit)
The blast of sand misses the hobgoblin.
The hobgoblin barely misses you.
Unknown command.
Aiming: Sandblast (safe; 1% risk of failure)
Press: ? - help, Q - select action Shift-Dir - straight line, f/p - hobgoblin
Aim: a hobgoblin (lightly wounded, 82% to hit)
The blast of sand hits the hobgoblin!
You kill the hobgoblin!
Unknown command.
i - a scroll labelled BUINOU ONUPU You now have 52 gold pieces (gained 15).
A kobold comes into view. It is wielding a +0 club.
Aiming: Sandblast (safe; 1% risk of failure)
Press: ? - help, Q - select action Shift-Dir - straight line, f - kobold
Aim: a kobold, wielding a +0 club (77% to hit)
The blast of sand hits the kobold!
You kill the kobold!
Unknown command.
Things that are here:
a +0 club; a kobold corpse
Found a sling.
A quokka comes into view.
Found a scroll labelled GAPNATENUM.
Aiming: Sandblast (safe; 1% risk of failure)
Press: ? - help, Q - select action Shift-Dir - straight line, f - quokka
Aim: a quokka (75% to hit)
The blast of sand hits the quokka.
The quokka is severely wounded.
Unknown command.
Aiming: Sandblast (safe; 1% risk of failure)
Press: ? - help, Q - select action Shift-Dir - straight line, f/p - quokka
Aim: a quokka (heavily wounded, 75% to hit)
The blast of sand misses the quokka.
The quokka barely misses you.
Unknown command.
Aiming: Sandblast (safe; 1% risk of failure)
Press: ? - help, Q - select action Shift-Dir - straight line, f/p - quokka
Aim: a quokka (heavily wounded, 75% to hit)
The blast of sand hits the quokka.
You kill the quokka!
Unknown command.
Search for what [Enter for "d:", or ? for help]? sling
Found a stone staircase leading down.
You see here a +0 sling.
j - a +0 sling Adjust to which letter? (? for menu, Esc to quit)
b - a +0 sling;
j - a scroll labelled RAOZXU GAMOO
b - a +0 sling (weapon)
a - a +0 short sword (weapon)
h - 2 scrolls labelled GAPNATENUM (gained 1)
Found an escape hatch in the floor.
There is an escape hatch in the floor here.
There is an escape hatch in the floor here.
Found a stone staircase leading down.
There is a stone staircase leading down here.
Found 3 stones.
Found a coppery potion.
Found a stone staircase leading up.
There is a stone staircase leading up here.
You see here a staff of poison.
k - a staff of poison A dart slug comes into view.
No target in view!
Aiming: Sandblast (safe; 1% risk of failure)
Press: ? - help, Q - select action Shift-Dir - straight line, f - dart slug
Aim: a dart slug (100% to hit)
The blast of sand hits the dart slug.
The dart slug is moderately wounded.
Unknown command.
Aiming: Sandblast (safe; 1% risk of failure)
Press: ? - help, Q - select action Shift-Dir - straight line, f/p - dart slug
Aim: a dart slug (moderately wounded, 100% to hit)
The blast of sand hits the dart slug.
The dart slug is heavily wounded.
The dart slug launches a dart at you. The slug dart hits you.
Aiming: Sandblast (safe; 1% risk of failure)
Press: ? - help, Q - select action Shift-Dir - straight line, f/p - dart slug
Aim: a dart slug (heavily wounded, 100% to hit)
The blast of sand hits the dart slug!
You kill the dart slug!
Unknown command.
HP restored.
Found a dagger.
A bat comes into view.
A bat is nearby!
The bat closely misses you.
Aiming: Sandblast (safe; 1% risk of failure)
Press: ? - help, Q - select action Shift-Dir - straight line, f - bat
Aim: a bat (73% to hit)
The blast of sand hits the bat!
You kill the bat!
Unknown command.
You see here a +0 dagger.
g - 2 scrolls labelled NEPESO CANO (gained 1)
Found a stone.
Found an escape hatch in the ceiling.
There is an escape hatch in the ceiling here.
You see here a stone.
You now have 56 gold pieces (gained 4).
A kobold comes into view. It is wielding a +0 short sword.
Aiming: Sandblast (safe; 1% risk of failure)
Press: ? - help, Q - select action Shift-Dir - straight line, f - kobold
Aim: a kobold, wielding a +0 short sword (asleep, 100% to hit)
The blast of sand hits the kobold!
You kill the kobold!
Unknown command.
You see here a +0 short sword.
Things that are here:
a +0 club; a kobold skeleton You now have 59 gold pieces (gained 3).
You see here a fuming sapphire potion.
Found a stone staircase leading down.
There is a stone staircase leading down here.
Done exploring.
Done exploring.
Search for what [Enter for "sling", or ? for help]? d: Unknown command.
There is a stone staircase leading down here.
You climb downwards.
Found a book of Burglary.
There is a stone staircase leading up here.
Unknown command.
You pick up a book of Burglary and begin reading...
You add the spell Swiftness to your library.
A worm comes into view.
Aiming: Sandblast (safe; 1% risk of failure)
Press: ? - help, Q - select action Shift-Dir - straight line, f - you That would be overly suicidal.
Okay, then.
Unknown command.
Aiming: Sandblast (safe; 1% risk of failure)
Press: ? - help, Q - select action Shift-Dir - straight line, f - worm
Aim: a worm (94% to hit)
The blast of sand hits the worm!
The worm is heavily wounded.
Unknown command.
Aiming: Sandblast (safe; 1% risk of failure)
Press: ? - help, Q - select action Shift-Dir - straight line, f/p - worm
Aim: a worm (heavily wounded, 94% to hit)
The blast of sand hits the worm!
You kill the worm!
Unknown command.
Magic restored.
Found a stone staircase leading down.
Found a kite shield.
Found a viscous coppery potion.
Found a stone staircase leading up.
You now have 66 gold pieces (gained 7).
There is a stone staircase leading up here.
Found a ring mail.
A rat comes into view.
Found a stone staircase leading down.
Aiming: Sandblast (safe; 1% risk of failure)
Press: ? - help, Q - select action Shift-Dir - straight line, f - rat
Aim: a rat (asleep, 100% to hit)
You miscast Sandblast.
You are very lightly contaminated with residual magic.
Nothing appears to happen.
Aiming: Sandblast (safe; 1% risk of failure)
Press: ? - help, Q - select action Shift-Dir - straight line, f/p - rat
Aim: a rat (asleep, 100% to hit)
The blast of sand hits the rat!
You kill the rat!
Unknown command.
Your magical contamination has completely faded away.
A goblin comes into view. It is wielding a +0 dagger.
Aiming: Sandblast (safe; 1% risk of failure)
Press: ? - help, Q - select action Shift-Dir - straight line, f - you That would be overly suicidal.
Okay, then.
Unknown command.
Aiming: Sandblast (safe; 1% risk of failure)
Press: ? - help, Q - select action Shift-Dir - straight line, f - goblin
Aim: a goblin, wielding a +0 dagger (asleep, 100% to hit)
The blast of sand hits the goblin!
You kill the goblin!
Unknown command.
Things that are here:
a +0 dagger; a goblin corpse An adder comes into view.
The adder hisses angrily.
Aiming: Sandblast (safe; 1% risk of failure)
Press: ? - help, Q - select action Shift-Dir - straight line, f - you
Okay, then.
Aiming: Sandblast (safe; 1% risk of failure)
Press: ? - help, Q - select action Shift-Dir - straight line, f - adder
Aim: an adder (70% to hit)
The blast of sand misses the adder.
Unknown command.
Aiming: Sandblast (safe; 1% risk of failure)
Press: ? - help, Q - select action Shift-Dir - straight line, f/p - adder
Aim: an adder (70% to hit)
The blast of sand hits the adder!
The adder is severely wounded.
The adder closely misses you. x2
Aiming: Sandblast (safe; 1% risk of failure)
Press: ? - help, Q - select action Shift-Dir - straight line, f/p - adder
Aim: an adder (severely wounded, 70% to hit)
The blast of sand hits the adder!
You kill the adder!
Unknown command.
A giant cockroach comes into view.
A goblin comes into view. It is wielding a +0 dagger.
The goblin shouts!
A rat comes into view.
Aiming: Sandblast (safe; 1% risk of failure)
Press: ? - help, Q - select action Shift-Dir - straight line, f - rat
Aim: a rat (wandering, hasn't noticed you, 82% to hit)
The blast of sand hits the rat!
You kill the rat!
The giant cockroach barely misses you.
Aiming: Sandblast (safe; 1% risk of failure)
Press: ? - help, Q - select action Shift-Dir - straight line, f - giant cockroach
Aim: a giant cockroach (82% to hit)
The blast of sand hits the giant cockroach.
The giant cockroach is heavily wounded.
The giant cockroach barely misses you. x2
Aiming: Sandblast (safe; 1% risk of failure)
Press: ? - help, Q - select action Shift-Dir - straight line, f/p - giant cockroach
Aim: a giant cockroach (moderately wounded, 82% to hit)
The blast of sand hits the giant cockroach!
You kill the giant cockroach!
The goblin hits you with a +0 dagger.
Aiming: Sandblast (safe; 1% risk of failure)
Press: ? - help, Q - select action Shift-Dir - straight line, f - goblin
Aim: a goblin, wielding a +0 dagger (77% to hit)
The blast of sand misses the goblin.
The goblin hits you but does no damage.
Unknown command.
Aiming: Sandblast (safe; 1% risk of failure)
Press: ? - help, Q - select action Shift-Dir - straight line, f/p - goblin
Aim: a goblin, wielding a +0 dagger (77% to hit)
The blast of sand hits the goblin.
You kill the goblin!
Unknown command.
You start resting.
HP restored.
Magic restored.
You see here a +0 dagger.
An endoplasm comes into view.
Found 6 poisoned darts.
The endoplasm quivers.
Aiming: Sandblast (safe; 1% risk of failure)
Press: ? - help, Q - select action Shift-Dir - straight line, f - endoplasm
Aim: an endoplasm (98% to hit)
The blast of sand hits the endoplasm!
You kill the endoplasm!
Unknown command.
You see here 6 poisoned darts.
A hobgoblin comes into view.
Search for what [Enter for "d:", or ? for help]?
Okay, then.
Search for what [Enter for "d:", or ? for help]? dart You see here 6 poisoned darts.
l - 6 poisoned darts The hobgoblin shouts!
Aiming: Sandblast (safe; 1% risk of failure)
Press: ? - help, Q - select action, (/) - cycle Shift-Dir - straight line, f - hobgoblin
Aim: a hobgoblin (82% to hit)
The blast of sand misses the hobgoblin.
The hobgoblin closely misses you.
Unknown command.
Aiming: Sandblast (safe; 1% risk of failure)
Press: ? - help, Q - select action, (/) - cycle Shift-Dir - straight line, f/p - hobgoblin
Aim: a hobgoblin (82% to hit)
The blast of sand hits the hobgoblin.
The hobgoblin is severely wounded.
The hobgoblin hits you.
Aiming: Sandblast (safe; 1% risk of failure)
Press: ? - help, Q - select action, (/) - cycle Shift-Dir - straight line, f/p - hobgoblin
Aim: a hobgoblin (severely wounded, 82% to hit)
The blast of sand hits the hobgoblin!
You kill the hobgoblin!
Unknown command.
A bat comes into view.
Aiming: Sandblast (safe; 1% risk of failure)
Press: ? - help, Q - select action, (/) - cycle Shift-Dir - straight line, f - bat
Aim: a bat (73% to hit)
The blast of sand hits the bat!
You kill the bat!
Unknown command.
You see here a bat corpse.
A ball python comes into view.
The ball python hisses angrily.
Aiming: Sandblast (safe; 1% risk of failure)
Press: ? - help, Q - select action, (/) - cycle Shift-Dir - straight line, f - ball python
Aim: a ball python (80% to hit)
The blast of sand hits the ball python!
You kill the ball python!
Aiming: Sandblast (safe; 1% risk of failure)
Press: ? - help, Q - select action, (/) - cycle Shift-Dir - straight line, f - you
Okay, then.
A rat comes into view.
Found 3 fizzy emerald potions.
Aiming: Sandblast (safe; 1% risk of failure)
Press: ? - help, Q - select action, (/) - cycle Shift-Dir - straight line, f - rat
Aim: a rat (asleep, 100% to hit)
The blast of sand hits the rat!
You kill the rat!
Things that are here:
3 fizzy emerald potions; a rat corpse
Found a stone staircase leading up.
You now have 80 gold pieces (gained 14).
A bat, an orc, an orc wizard and a hobgoblin come into view.
Found 6 gold pieces.
Found an escape hatch in the floor.
Aiming: Sandblast (safe; 1% risk of failure)
Press: ? - help, Q - select action, (/) - cycle Shift-Dir - straight line, f - hobgoblin
Aim: a hobgoblin (asleep, 100% to hit)
You miscast Sandblast.
You are very lightly contaminated with residual magic.
Nothing appears to happen.
The bat attacks as you move away! The bat closely misses you.
The bat hits you but does no damage. The bat hits you.
Aiming: Sandblast (safe; 1% risk of failure)
Press: ? - help, Q - select action, (/) - cycle Shift-Dir - straight line, f - bat
Aim: a bat (73% to hit)
The blast of sand hits the bat!
You kill the bat!
Unknown command.
Aiming: Sandblast (safe; 1% risk of failure)
Press: ? - help, Q - select action, (/) - cycle Shift-Dir - straight line, f - you
Okay, then.
You start resting.
HP restored.
You start resting.
Your magical contamination has completely faded away.
You start resting.
Magic restored.
You see here a bat corpse.
Aiming: Sandblast (safe; 1% risk of failure)
Press: ? - help, Q - select action, (/) - cycle Shift-Dir - straight line, f - hobgoblin
Aim: a hobgoblin (asleep, 100% to hit)
The blast of sand hits the hobgoblin!
You kill the hobgoblin!
The orc shouts!
The orc wizard shouts!
You hear a shout!
An orc priest comes into view. It is wielding a +0 dagger.
The orc wizard casts a spell at you.
You are confused.
A kobold comes into view. It is wielding a +0 short sword.
You're too confused to move!
A hobgoblin comes into view.
You see here a bat corpse.
You bump into the rock wall.
Welcome back, scionoferis the Mummy Earth Elementalist.
Press ? for a list of commands and other information.
You feel less confused.
The orc wizard points at you and mumbles some strange words.
The magic dart hits you!
Cast which spell? (? or * to list)
Aiming: Sandblast (safe; 1% risk of failure)
Press: ? - help, Shift-Dir - straight line, f - orc wizard
Aim: an orc wizard, wielding a +0 dagger and wearing a +0 robe (77% to hit)
The blast of sand hits the orc wizard.
The orc wizard is lightly wounded.
Casting: Sandblast (safe; 1% risk of failure)
Confirm with . or Enter, or press ? or * to list all spells.
Aiming: Sandblast (safe; 1% risk of failure)
Press: ? - help, Shift-Dir - straight line, f/p - orc wizard
Aim: an orc wizard, wielding a +0 dagger and wearing a +0 robe (lightly wounded, 77% to hit)
The blast of sand hits the orc wizard but does no damage.
The orc wizard is lightly wounded.
The orc wizard casts a spell at you. The magic dart hits you!
* * * LOW HITPOINT WARNING * * *
Unknown command.
The orc wizard attacks as you move away!
The orc wizard barely misses you.
The orc wizard attacks as you move away!
The orc wizard closely misses you.
The orc wizard points at you and mumbles some strange words.
You resist with some effort.
The orc wizard gestures at you while chanting.
You resist with some effort.
The orc priest invokes the aid of Beogh against you.
Beogh smites you!
You die...

Skill      XL: |  1  2 |
---------------+-------+-----
Spellcasting   | 3 |  3.5
Earth Magic    | 3 |  3.4
Dodging        | |  1.5
Stealth        | |  1.5
Conjurations   | |  0.8
Transmutations | |  0.7

Action                     || total
---------------------------++-------
  Melee: Dagger            ||     3
   Cast: Sandblast         ||    71
   Stab: Sleeping          ||     2
 Armour: Robe              ||     4
  Dodge: Dodged            ||    23

Levels and vault maps discovered:
D:1:      amcnicky_arrival_single_pillar, layout_loops_ring,
          ebering_ecumenical_altar_ruins, serial_glass, glass_columns_b,
          glass_columns_a
D:2:      layout_loops_ring, minmay_stone_trees_small
D:3:      layout_loops_ring, old_standard_altar

Notes
Turn   | Place    | Note
-------+----------+-------------------------------------------
     0 | D:1      | scionoferis the Mummy Earth Elementalist began the quest
                  | for the Orb.
     0 | D:1      | Reached XP level 1. HP: 13/13 MP: 4/4
   185 | D:1      | Found a faded altar of an unknown god.
   190 | D:1      | Reached skill level 3 in Spellcasting
   232 | D:1      | Reached XP level 2. HP: 19/19 MP: 4/6
   433 | D:1      | Reached skill level 3 in Earth Magic
   913 | D:2      | Gained mutation: You are in touch with the powers of death.
                  | [Mummy growth]
   913 | D:2      | Reached XP level 3. HP: 24/24 MP: 4/7
   919 | D:1      | Learned a level 3 spell: Stone Arrow
  2302 | D:3      | Upgraded the game from 0.30-a0-939-gc8157cb160 to
                  | 0.30-a0-948-g4fa250aae5
  2309 | D:3      | Killed from afar by an orc priest

Vanquished Creatures
  An adder (D:3)
  A worm (D:3)
  A dart slug (D:2)
  8 bats (D:1 D:2 D:3)
  2 endoplasms (D:1 D:3)
  A giant cockroach (D:3)
  5 goblins (D:1 D:3)
  8 hobgoblins (D:1 D:2 D:3)
  6 kobolds (D:1 D:2)
  2 quokkas (D:1 D:2)
  5 ball pythons (D:1 D:3)
  A frilled lizard (D:1)
  8 rats (D:1 D:3)
49 creatures vanquished.

Table legend: (Time is in decaauts)
 A = Elapsed time spent in this place.
 B = Non-inter-level travel time spent in this place.
 C = Inter-level travel time spent in this place.
 D = Time resting spent in this place.
 E = Time spent auto-exploring this place.
 F = Levels seen in this place.
 G = Mean time per level.
                   A        B        C        D        E       F      G
               +--------+--------+--------+--------+--------+-----+--------+
         Total |   2342 |   2241 |    101 |    157 |   1740 |   3 |  780.7 |
       Dungeon |   2342 |   2241 |    101 |    157 |   1740 |   3 |  780.7 |
               +--------+--------+--------+--------+--------+-----+--------+

Top non-repeatable levels by time:
     D:1: 947 daAuts
     D:2: 808 daAuts
     D:3: 587 daAuts

Table legend:
 A = Non-vault XP
 B = Vault XP
 C = Vault XP percentage of total XP
 D = Non-vault monster count
 E = Vault monster count
 F = Vault count percentage of total count
                 A         B        C        D         E       F
            +---------+---------+-------+---------+---------+-------
      Total |      95 |       0 |   0.0 |      49 |       0 |   0.0
            +---------+---------+-------+---------+---------+-------
        D:1 |      39 |       0 |   0.0 |      26 |       0 |   0.0
        D:2 |      18 |       0 |   0.0 |       9 |       0 |   0.0
        D:3 |      38 |       0 |   0.0 |      14 |       0 |   0.0
            +---------+---------+-------+---------+---------+-------
